Map: Lerilak Crest

Players

Nerchio - Winner!

  • Race: Zerg Zerg

HuK

  • Race: Protoss Protoss
  • League: Grandmaster

Event: 2016 WCS Winter Circuit Championship

VOD

https://www.youtube.com/watch?v=n0fMv7zQ1cE

Description

Time

  • Played on: March 4, 2016, 12:43 p.m.
  • Length: 16:11
Show
View Real Time Build Order
Export as new Build Order

Nerchio Zerg - Winner!

Build Orders: Pool First, Lurkers 

Get SALT Encoding   

  12  0:01  Drone  
  13  0:12  Overlord  
  13  0:17  Drone  
  14  0:30  Drone x2  
  14  0:34  Drone  
  17  0:37  Extractor  
  16  0:45  Drone  
  17  0:51  Spawning Pool  
  17  0:56  Drone  
  17  1:06  Drone  
  18  1:22  Hatchery  
  18  1:25  Drone  
  18  1:28  Drone  
  19  1:38  Queen  
  21  1:43  Zergling x2  
  22  1:48  Metabolic Boost  
  22  1:55  Overlord  
  22  2:13  Drone  
  22  2:14  Queen, Drone  
  26  2:21  Drone  
  27  2:38  Zergling x4  
  28  2:44  Hatchery  
  28  2:46  Zergling x4  
  29  2:52  Drone x2  
  29  2:53  Drone  
  29  2:57  Drone  
  33  3:00  Drone  
  34  3:06  Overlord  
  34  3:10  Drone  
  35  3:16  Overlord  
  35  3:18  Drone  
  36  3:24  Overlord  
  36  3:26  Drone  
  39  3:27  Drone x3  
  39  3:28  Drone  
  39  3:31  Drone  
  41  3:39  Roach Warren, Drone  
  41  3:42  Drone  
  41  3:45  Extractor  
  41  3:49  Queen  
  43  4:05  Zergling x2  
  43  4:06  Overlord, Zergling x6  
  47  4:11  Overlord  
  47  4:20  Overlord  
  47  4:26  Roach x5  
  47  4:30  Roach x2  
  61  4:39  Roach x3  
  61  4:40  Spore Crawler  
  66  4:48  Overlord  
  66  4:50  Drone x2  
  68  4:53  Lair  
  68  4:55  Drone  
  68  4:56  Drone  
  68  4:57  Drone  
  68  4:59  Drone  
  72  5:01  Drone  
  72  5:04  Overlord  
  73  5:07  Drone  
  73  5:09  Drone  
  73  5:11  Drone, Extractor  
  73  5:13  Drone  
  76  5:26  Drone x4  
  78  5:30  Spore Crawler, Drone x3  
  78  5:33  Drone x2  
  81  5:35  Drone  
  81  5:36  Drone  
  81  5:38  Extractor  
  81  5:42  Drone x2  
  83  5:44  Drone, Evolution Chamber  
  83  5:45  Drone  
  83  5:48  Drone  
  85  5:50  Glial Reconstitution  
  85  5:52  Overseer  
  85  5:55  Overlord  
  85  6:00  Overseer, Roach  
  85  6:02  Overlord  
  87  6:08  Roach  
  88  6:12  Overlord  
  88  6:14  Roach x3  
  94  6:19  Zerg Missile Weapons Level 1  
  94  6:20  Hydralisk Den  
  94  6:25  Overlord x2  
  93  6:27  Extractor  
  93  6:29  Drone  
  93  6:30  Drone x4  
  93  6:31  Drone  
  99  6:32  Drone  
  99  6:34  Drone  
  99  6:36  Drone x2  
  99  6:39  Drone x2  
  102  6:45  Drone x3  
  105  6:53  Drone x2  
  104  6:56  Muscular Augments  
  104  6:59  Extractor  
  104  7:00  Hydralisk  
  105  7:02  Hydralisk  
  105  7:07  Hydralisk x2  
  111  7:09  Hatchery  
  111  7:10  Hydralisk  
  111  7:11  Hydralisk  
  114  7:16  Hydralisk x2  
  114  7:19  Hydralisk  
  114  7:20  Hydralisk  
  122  7:23  Hydralisk  
  122  7:24  Hydralisk  
  122  7:29  Overlord  
  126  7:30  Overlord  
  126  7:32  Overlord  
  126  7:37  Evolution Chamber  
  125  7:53  Hydralisk x2  
  125  7:54  Hydralisk x7  
  125  7:56  Overlord  
  143  7:59  Overlord  
  143  8:00  Overlord  
  143  8:04  Zerg Melee Weapons Level 1  
  143  8:08  Lurker Den  
  143  8:10  Overlord  
  143  8:13  Overlord x2  
  143  8:22  Hydralisk x4  
  143  8:24  Hydralisk  
  153  8:34  Drone  
  154  8:35  Drone  
  154  8:36  Hydralisk x4  
  154  8:40  Ravager x2  
  154  8:41  Ravager x2  
  167  8:43  Roach x2  
  167  8:46  Roach  
  167  8:47  Roach  
  175  8:49  Roach  
  175  8:50  Extractor  
  175  8:52  Roach  
  175  8:53  Extractor, Roach  
  175  8:54  Roach  
  181  8:55  Overseer  
  181  8:59  Spore Crawler  
  181  9:00  Overseer  
  180  9:04  Hydralisk  
  180  9:05  Hydralisk x2  
  180  9:19  Roach x6  
  180  9:20  Roach  
  180  9:23  Roach  
  194  9:28  Drone x2  
  194  9:29  Drone x2  
  198  9:32  Zerg Missile Weapons Level 2  
  198  9:40  Drone  
  198  9:41  Drone  
  198  9:42  Overseer  
  200  9:49  Extractor  
  195  9:59  Zerg Melee Weapons Level 2  
  195  10:02  Drone  
  195  10:03  Drone  
  198  10:07  Lurker x3  
  200  10:19  Spore Crawler  
  200  10:20  Spore Crawler  
  200  10:21  Lurker x4, Spore Crawler x3  
  200  10:22  Lurker, Spore Crawler  
  205  10:53  Hatchery  
  205  10:56  Overlord  
  192  11:13  Overlord x2  
  192  11:18  Overlord  
  189  11:21  Lurker x8  
  189  11:22  Lurker x3, Overlord  
  200  11:28  Infestation Pit  
  193  11:35  Hydralisk x2  
  193  11:36  Hydralisk  
  199  11:44  Overseer  
  199  11:46  Spore Crawler  
  198  11:48  Zerg Ground Armor Level 1  
  191  12:10  Hydralisk x5  
  193  12:28  Hive  
  187  12:36  Hydralisk  
  187  12:37  Hydralisk x10  
  168  12:40  Lurker  
  168  12:41  Lurker x2, Drone x4  
  184  12:59  Hydralisk x6  
  184  13:04  Drone x3  
  199  13:14  Hatchery  
  192  13:28  Hydralisk x4  
  192  13:30  Hatchery  
  196  13:46  Hydralisk x3  
  175  13:56  Zergling x28  
  186  14:19  Zergling x2  
  186  14:20  Zergling x16  
  186  14:22  Zergling x2  
  169  14:41  Hydralisk x3  
  169  14:42  Hydralisk  
  167  14:57  Hydralisk  
  167  14:58  Hydralisk x2  
  166  15:07  Hydralisk x2  
  166  15:10  Drone x2  
  172  15:20  Lurker x3  
  172  15:21  Lurker  
  174  15:22  Lurker  
  174  15:26  Overseer x2  
  174  15:32  Zergling x4  
  174  15:33  Zergling x2  
  177  15:39  Zergling x2  
  177  15:40  Zergling x4  
  177  15:41  Zergling x2  
  181  15:53  Zergling x4  
  181  15:54  Zergling x8  
Show
View Real Time Build Order
Export as new Build Order

HuK Protoss 

Build Orders: 1 Gate Expand, Dark Templar Rush 

Get SALT Encoding   

  12  0:01  Probe (Chrono Boost)  
  13  0:11  Probe (Chrono Boost)  
  14  0:17  Pylon  
  14  0:22  Probe (Chrono Boost)  
  15  0:36  Probe (Chrono Boost)  
  15  0:37  Gateway  
  15  0:41  Assimilator  
  16  0:46  Probe (Chrono Boost)  
  18  0:57  Probe (Chrono Boost)  
  18  1:07  Probe (Chrono Boost)  
  19  1:18  Probe (Chrono Boost)  
  20  1:24  Cybernetics Core  
  20  1:29  Probe (Chrono Boost)  
  21  1:36  Nexus  
  21  1:44  Pylon  
  21  1:45  Probe (Chrono Boost)  
  22  1:48  Assimilator  
  22  1:55  Probe (Chrono Boost)  
  22  1:56  Warp Gate (Chrono Boost)  
  23  2:06  Adept (Chrono Boost)  
  23  2:07  Probe  
  26  2:19  Probe  
  26  2:22  Twilight Council  
  27  2:31  Probe  
  27  2:32  Adept (Chrono Boost)  
  31  2:48  Probe, Mothership Core  
  33  2:56  Resonating Glaives (Chrono Boost)  
  33  3:00  Probe  
  33  3:05  Gateway  
  34  3:06  Gateway  
  34  3:09  Probe  
  35  3:19  Gateway  
  33  3:23  Pylon  
  33  3:25  Probe  
  34  3:29  Probe  
  35  3:37  Probe (Chrono Boost)  
  35  3:39  Pylon  
  37  3:41  Probe (Chrono Boost)  
  37  3:48  Probe  
  39  3:55  Dark Shrine  
  39  3:56  Stalker  
  39  4:00  Probe  
  42  4:03  Stalker  
  42  4:05  Stalker  
  42  4:06  Probe  
  46  4:13  Probe (Chrono Boost)  
  47  4:18  Probe (Chrono Boost)  
  48  4:25  Probe (Chrono Boost)  
  48  4:27  Sentry  
  48  4:29  Probe (Chrono Boost)  
  52  4:34  Nexus  
  52  4:35  Probe (Chrono Boost)  
  52  4:38  Assimilator  
  53  4:40  Probe (Chrono Boost)  
  53  4:42  Assimilator  
  54  4:48  Pylon  
  54  4:49  Probe (Chrono Boost)  
  54  4:52  Probe (Chrono Boost)  
  56  4:54  Adept x2  
  56  4:57  Adept  
  62  5:06  Pylon, Probe x2 (Chrono Boost)  
  64  5:09  Pylon  
  64  5:17  Probe x2 (Chrono Boost)  
  66  5:23  Robotics Facility  
  66  5:27  Probe x2 (Chrono Boost)  
  66  5:38  Probe (Chrono Boost), Adept x3  
  66  5:39  Adept  
  73  5:43  Probe (Chrono Boost)  
  73  5:48  Probe (Chrono Boost)  
  75  5:50  Forge  
  75  5:53  Robotics Facility  
  75  5:55  Probe (Chrono Boost)  
  76  6:06  Probe x3 (Chrono Boost)  
  79  6:13  Immortal (Chrono Boost)  
  79  6:15  Probe (Chrono Boost)  
  79  6:16  Protoss Ground Weapons Level 1 (Chrono Boost)  
  79  6:18  Probe x2  
  85  6:19  Blink  
  86  6:27  Probe  
  86  6:28  Adept x2  
  86  6:29  Adept x2  
  93  6:42  Probe  
  93  6:44  Probe  
  89  6:50  Immortal (Chrono Boost)  
  89  6:52  Assimilator x2  
  96  6:55  Immortal (Chrono Boost)  
  93  7:06  Gateway  
  93  7:07  Pylon, Gateway  
  93  7:11  Stalker x2  
  93  7:12  Stalker x2  
  101  7:21  Gateway x2  
  101  7:22  Gateway  
  101  7:27  Immortal (Chrono Boost)  
  105  7:36  Immortal (Chrono Boost)  
  109  7:38  Pylon  
  109  7:40  Pylon x2  
  109  7:45  Pylon  
  109  7:46  Pylon  
  109  7:54  Protoss Ground Weapons Level 2  
  109  7:59  Adept  
  109  8:00  Adept x3  
  117  8:09  Immortal (Chrono Boost)  
  117  8:11  Gateway x2, Observer (Chrono Boost)  
  122  8:21  Dark Templar x2  
  126  8:27  Stalker x2  
  126  8:33  Immortal (Chrono Boost)  
  134  8:41  Stalker  
  134  8:43  Immortal (Chrono Boost)  
  140  8:57  Stalker x3  
  140  8:58  Stalker  
  141  9:21  Stalker x5  
  141  9:22  Stalker  
  145  9:25  Immortal (Chrono Boost)  
  145  9:31  Pylon x2  
  149  9:35  Observer (Chrono Boost)  
  146  9:49  Stalker  
  146  9:50  Stalker x4  
  146  9:51  Protoss Ground Weapons Level 3  
  156  9:55  Adept x4  
  164  10:03  Pylon  
  164  10:05  Pylon x2, Observer (Chrono Boost)  
  165  10:18  Templar Archives  
  165  10:21  Nexus  
  165  10:22  Observer (Chrono Boost)  
  165  10:25  Pylon  
  165  10:26  Pylon  
  170  10:28  Immortal (Chrono Boost)  
  170  10:33  Photon Cannon  
  170  10:34  Photon Cannon  
  170  10:38  Photon Cannon  
  170  11:00  Immortal (Chrono Boost)  
  172  11:10  Stalker x4  
  172  11:11  Stalker x3  
  174  11:24  Observer (Chrono Boost)  
  171  11:34  Observer (Chrono Boost), High Templar x2  
  171  11:35  High Templar x3  
  171  11:36  High Templar x2  
  171  11:38  Adept x3  
  171  11:39  Archon  
  192  11:40  Archon x2  
  192  11:41  Probe  
  192  11:45  Probe  
  194  12:00  High Templar  
  192  12:02  Immortal x2 (Chrono Boost)  
  192  12:04  Archon  
  192  12:05  Adept x2  
  192  12:06  Zealot  
  192  12:18  Nexus  
  192  12:21  Pylon  
  186  12:23  Pylon  
  186  12:25  Pylon  
  165  12:42  Immortal x2 (Chrono Boost)  
  161  12:51  High Templar x3  
  161  12:52  High Templar  
  161  12:57  Archon  
  161  12:58  Zealot x2  
  167  13:07  Archon  
  167  13:08  Mothership Core  
  169  13:15  Stalker x5  
  175  13:31  Stalker x2  
  175  13:32  Stalker x3  
  179  13:54  Adept x3  
  179  13:55  Adept x4  
  182  13:58  Observer x2 (Chrono Boost)  
  186  14:04  Stalker x2  
  183  14:17  Observer (Chrono Boost)  
  147  14:28  Stalker x5  
  143  14:35  Adept x2  
  133  14:40  Adept  
  133  14:41  Adept x2  
  138  15:00  Adept x3  
  138  15:04  Probe x2  
  140  15:09  Probe  
  133  15:23  Probe  
  133  15:25  High Templar x2  
  133  15:26  High Templar  
  138  15:31  Archon  
  138  15:36  High Templar  
  138  15:37  Adept x2  
  138  15:40  Archon  
  144  15:48  Adept x4  
  152  15:53  Adept  
Tags
 
Add a new tag
Caveats
  • Supply blocks, unpowered buildings, or Contaminate may cause inaccurate times.
  • Supply counts are checked every 10 seconds.